 Dungeon Crawl Stone Soup version 0.30-a0-1114-gd936c97349 (webtiles) character file.

Game seed: 5160456819765032843

849 IdlyInterested the Cutter (level 7, -16/54 HPs)
             Began as a Demonspawn Fighter on Apr 20, 2023.
             Was an Initiate of Ashenzari.
             Demolished by a two-headed ogre
             ... wielding a +0 giant club
              (19 damage)
             ... on level 5 of the Dungeon.
             The game lasted 00:14:36 (4993 turns).

IdlyInterested the Cutter (Demonspawn Fighter)      Turns: 4993, Time: 00:14:37

Health: -16/54     AC:  8    Str: 17    XL:     7   Next: 69%
Magic:  11/11      EV: 11    Int: 11    God:    Ashenzari [......]
Gold:   252        SH:  4    Dex: 12    Spells: 11/11 levels left

rFire   + . .      SeeInvis .    x - +7 hammer of the Stellar Sage {heavy, rF+, Elem, Comp} (curse)
rCold   . . .      Faith    .    c - +0 buckler
rNeg    . . .      Spirit   .    B - +0 leather armour {Will+}
rPois   .          Reflect  .    (helmet restricted)
rElec   .          Rampage  .    y - +0 cloak {Stlth+}
rCorr   .                        E - +0 pair of gloves
Will    +....                    s - +0 pair of boots
Stlth   +++                      (no amulet)
HPRegen 0.29/turn                (no ring)
MPRegen 0.12/turn                (no ring)

@: no status effects
A: antennae 1, icy blue scales 1, spiny 1, demonic magic 1
a: Renounce Religion, Shatter the Chains


You were on level 5 of the Dungeon.
You worshipped Ashenzari.
Ashenzari was noncommittal.
You visited 2 branches of the dungeon, and saw 6 of its levels.

You collected 252 gold pieces.

Inventory:

Hand Weapons
 x - the cursed +7 hammer of the Stellar Sage (weapon) {heavy, rF+, Elem, Comp}
   (You found it on level 3 of the Dungeon)

   rF:        It protects you from fire.
   It has a curse which improves the following skills: Elements: Fire Magic, Ice
   Magic, Air Magic and Earth Magic.
   Companions: Summonings and Necromancy.
 z - a +3 dagger
 A - a +2 dagger of venom
Missiles
 k - 6 datura-tipped darts
 l - 5 javelins
 q - 44 stones (quivered)
 t - 7 boomerangs
Armour
 c - a +0 buckler (worn)
 s - a +0 pair of boots (worn)
 y - a +0 cloak of stealth (worn)
 B - a +0 leather armour of willpower (worn)
 E - a +0 pair of gloves (worn)
Wands
 r - a wand of polymorph (1)
Scrolls
 a - a scroll of noise {unknown}
 b - a scroll of fog {unknown}
 e - 5 scrolls of identify {unknown}
 i - 4 scrolls of teleportation {unknown}
 j - 3 scrolls of vulnerability {unknown}
 m - a scroll of enchant weapon {unknown}
 o - a scroll of blinking {unknown}
 p - a scroll of fear {unknown}
 u - a scroll of silence {unknown}
Potions
 d - 3 potions of might
 f - a potion of degeneration {unknown}
 g - 3 potions of haste {unknown}
 h - 2 potions of brilliance {unknown}
 n - 6 potions of curing {unknown}
 w - 3 potions of heal wounds {unknown}
 C - a potion of ambrosia {unknown}
 D - a potion of attraction {unknown}


   Skills:
 - Level 4.0 Fighting
 * Level 5.3(5.4) Short Blades
 - Level 1.7(3.8) Long Blades
 - Level 1.0 Throwing
 - Level 2.6 Armour
 - Level 1.0 Dodging
 - Level 3.0 Stealth
 + Level 3.2 Shields
 + Level 2.8 Spellcasting
 - Level 1.0 Evocations


You had 11 spell levels left.
You didn't know any spells.
Your spell library contained the following spells:

 Spells                   Type           Power      Damage    Failure   Level
 Ensorcelled Hibernation  Hex/Ice        2%         N/A       54%         2
 Spider Form              Tmut/Pois      1%         N/A       78%         3
 Vhi's Electric Charge    Tloc/Air       2%         N/A       78%         3
 Anguish                  Hex/Necr       0%         N/A       99%         4
 Arcjolt                  Conj/Air       0%         1d10      100%        5
 Maxwell's Capacitive Co  Air            0%         ∞         100%        8


Dungeon Overview and Level Annotations

Branches:
Dungeon (5/15)             Temple (1/1) D:4

Altars:
Ashenzari
Dithmenos
Kikubaaqudgha
Okawaru
Qazlal
Sif Muna
Vehumet
Xom
Yredelemnul


Innate Abilities, Weirdness & Mutations

You have a pair of small antennae on your head.
You are partially covered in icy blue scales. (AC +2)
You are partially covered in sharp spines.
Spells you cast may paralyse adjacent enemies.


Message History

The hound is struck by your spines. The hound bites you but does no damage.
You barely miss the hound.
The hound is moderately wounded.
You block the hound's attack. The hound is struck by your spines.
The hound bites you but does no damage. The hound bites you.
You thump the hound!
You kill the hound!
HP restored.
You open the door.
There is an open door here.
You open the door.
There is an open door here.
A two-headed ogre comes into view. It is wielding two +0 giant clubs.
The two-headed ogre shouts in stereo!
You bludgeon the two-headed ogre!!
The two-headed ogre is moderately wounded.
The two-headed ogre closely misses you. The two-headed ogre barely misses you.
The two-headed ogre is struck by your spines.
The two-headed ogre misses you. You block the two-headed ogre's attack.
You hit the two-headed ogre but do no damage.
The two-headed ogre is heavily wounded.
The two-headed ogre hits you with a +0 giant club!!
Ouch! That really hurt!
You block the two-headed ogre's attack.
You hit the two-headed ogre.
The two-headed ogre is heavily wounded.
The two-headed ogre is struck by your spines.
The two-headed ogre closely misses you.
The two-headed ogre hits you with a +0 giant club!
* * * LOW HITPOINT WARNING * * *
You sock the two-headed ogre!
The two-headed ogre is severely wounded.
The two-headed ogre is struck by your spines.
The two-headed ogre hits you with a +0 giant club!
* * * LOW HITPOINT WARNING * * *
You block the two-headed ogre's attack.
The two-headed ogre is struck by your spines.
The two-headed ogre misses you.
The two-headed ogre hits you with a +0 giant club!!
You die...

...#...#.....#....##+##+#####
...#...#.....#....#
...#...#.....'....+ ...#
##..###....### .... #
###....# #....# #....#
#####+#....####
.......@.......
......O........
...............
...............
...............
#####+#########


You could see a two-headed ogre.

Vanquished Creatures
  Sigmund (D:5)
  Menkaure (D:5)
  An ice beast (D:5)
  An ogre (D:5)
  A howler monkey (D:5)
  Crazy Yiuf (D:3)
  2 hounds (D:5)
  3 iguanas
  A sleepcap (D:5)
  Ijyb (D:5)
  4 adders
  A gnoll (D:1)
  A white imp (D:5)
  An ufetubus (D:5)
  A dart slug (D:3)
  6 orcs
  6 bats
  8 endoplasms
  3 giant cockroaches
  10 goblins
  11 hobgoblins
  2 kobolds (D:2)
  3 quokkas
  9 ball pythons
  7 frilled lizards
  9 rats
95 creatures vanquished.

Vanquished Creatures (collateral kills)
  An orc (D:4)
1 creature vanquished.

Grand Total: 96 creatures vanquished

Notes
Turn   | Place    | Note
-------+----------+-------------------------------------------
     0 | D:1      | IdlyInterested the Demonspawn Fighter began the quest for
                  | the Orb.
     0 | D:1      | Reached XP level 1. HP: 18/18 MP: 1/1
    89 | D:1      | Reached skill level 1 in Dodging
    94 | D:1      | Gained mutation: Spells you cast may paralyse adjacent
                  | enemies. [demonic ancestry]
    94 | D:1      | Reached XP level 2. HP: 12/24 MP: 2/2
   228 | D:1      | Reached skill level 1 in Short Blades
   228 | D:1      | Reached skill level 1 in Evocations
   228 | D:1      | Gained mutation: You have a pair of small antennae on your
                  | head. [demonic ancestry]
   228 | D:1      | Reached XP level 3. HP: 13/29 MP: 3/3
   908 | D:2      | Reached skill level 1 in Throwing
  1076 | D:2      | Found a faded altar of an unknown god.
  1135 | D:2      | Reached XP level 4. HP: 35/35 MP: 4/4
  1709 | D:3      | Reached skill level 2 in Short Blades
  2074 | D:3      | Identified the +6 mace "Bojawu Quso" {heavy, Int-2 Dex+4
                  | Stlth+}
  2240 | D:3      | Identified the +7 hammer of Tenwuxeu {heavy, rF+}
  2244 | D:3      | Found a runed translucent door.
  2245 | D:3      | Noticed Crazy Yiuf
  2250 | D:3      | Killed Crazy Yiuf
  2251 | D:3      | Reached skill level 1 in Stealth
  2251 | D:3      | Gained mutation: You are partially covered in icy blue
                  | scales. (AC +2) [demonic ancestry]
  2251 | D:3      | Reached XP level 5. HP: 15/42 MP: 5/5
  2375 | D:3      | Found an iron altar of Okawaru.
  3675 | D:4      | Found a staircase to the Ecumenical Temple.
  3681 | Temple   | Entered the Ecumenical Temple
  3889 | Temple   | Became a worshipper of Ashenzari the Shackled
  4009 | D:5      | Entered Level 5 of the Dungeon
  4133 | D:5      | Noticed an ice beast
  4135 | D:5      | Noticed Sigmund
  4146 | D:5      | Killed an ice beast
  4147 | D:5      | Reached skill level 3 in Short Blades
  4147 | D:5      | Gained mutation: You are partially covered in sharp spines.
                  | [demonic ancestry]
  4147 | D:5      | Reached XP level 6. HP: 31/48 MP: 5/7
  4152 | D:5      | Killed Sigmund
  4153 | D:5      | Reached skill level 4 in Short Blades
  4153 | D:5      | Reached skill level 1 in Spellcasting
  4479 | D:5      | Noticed Menkaure
  4485 | D:5      | Killed Menkaure
  4486 | D:5      | Reached XP level 7. HP: 15/54 MP: 8/10
  4709 | D:5      | Reached skill level 5 in Short Blades
  4930 | D:5      | Noticed Ijyb
  4937 | D:5      | Killed Ijyb
  4985 | D:5      | Noticed a two-headed ogre
  4993 | D:5      | Demolished by a two-headed ogre

Illustrated notes

Levels and vault maps discovered:
D:1:      shiori_arrival_oz, layout_rooms
D:2:      minmay_chambers_of_ones, layout_loops_ring,
          hellmonk_ecumenical_altar_run_dry, chequers_serial_rivers_room_b
D:3:      layout_loops_ring, mainiacjoe_overflow_six_doors_small,
          kennysheep_small_spiral, uniq_crazy_yiuf_cottage
D:4:      layout_basic, minmay_temple_entry_enclosed_plants
D:5:      layout_gridville, uniq_sigmund, uniq_ijyb, uniq_menkaure
Temple:   bh_familiar_temple

Skill      XL: |  1  2  3  4  5  6  7 |
---------------+----------------------+-----
Dodging        | 1 |  1.0
Short Blades   | 1 2 3 4 5 |  5.3
Evocations     | 1 |  1.0
Throwing       | 1 |  1.0
Stealth        | 1 2 3 |  3.0
Fighting       | 4 |  4.0
Spellcasting   | 2 |  2.8
Shields        | 3 |  3.2
Long Blades    | |  1.7
Armour         | |  2.6

Action                     |  1- 3 |  4- 6 |  7- 9 || total
---------------------------+-------+-------+-------++-------
  Melee: Long sword        |   136 |    44 |       ||   180
         Mace              |       |    54 |    23 ||    77
  Throw: Dart              |       |     1 |       ||     1
 Invoke: Curse Item        |       |       |     1 ||     1
   Stab: Sleeping          |       |     2 |     1 ||     3
 Armour: Scale mail        |    75 |    33 |       ||   108
         Leather armour    |       |     6 |     6 ||    12
  Dodge: Dodged            |    65 |    48 |    20 ||   133
  Block: Buckler           |    45 |    25 |     8 ||    78

Table legend: (Time is in decaauts)
 A = Elapsed time spent in this place.
 B = Non-inter-level travel time spent in this place.
 C = Inter-level travel time spent in this place.
 D = Time resting spent in this place.
 E = Time spent auto-exploring this place.
 F = Levels seen in this place.
 G = Mean time per level.
                   A        B        C        D        E       F      G
               +--------+--------+--------+--------+--------+-----+--------+
         Total |   5151 |   4480 |    671 |    759 |   2532 |   6 |  858.5 |
       Dungeon |   4930 |   4298 |    632 |    759 |   2370 |   5 |  986.0 |
        Temple |    221 |    182 |     39 |      0 |    162 |   1 |  221.0 |
               +--------+--------+--------+--------+--------+-----+--------+

Top non-repeatable levels by time:
     D:2: 1267 daAuts
     D:4: 990 daAuts
     D:3: 981 daAuts
     D:5: 911 daAuts
     D:1: 780 daAuts
  Temple: 221 daAuts
